AoeStats
← 伐木人

Arena

510766719Analyzed
4v4 RM · 9h ago on Oct 2, 2026· 49m 30s· 8 players
Game mode
Random Map
Map size
Large (8 player)
Population
200
Speed
Normal
Resources
Standard
Victory
Conquest
Starting age
Dark Age
Ending age
Imperial Age
RankedLock teamsTeams togetherTeam positionsShared explorationLock speedFull tech treeHidden civsTurbo modeCheats
Victory
Defeat
🇨🇳 Maya · China
855
+12
🇮🇳 Cumans · India
762
+16
🇸🇪 Britons · Sweden
746
+22
🇦🇷 Poles · Argentina
745
+17
🇫🇷 Mongols · France
862
-19
🇧🇷 Italians · Brazil
791
-17
🇮🇪 Franks · Ireland
745
-15
🇧🇷 Persians · Brazil
642
-11
frank
3:31 Loom
11:10 Feudal Age
26:28 Castle Age
26:44 Pikeman
27:24 Squires
27:10 Arson
28:27 Fervor
28:38 Sanctity
29:14 Gold Mining
29:12 Double-Bit Axe
34:11 Wheelbarrow
37:13 Imperial Age
36:04 Padded Archer Armor
35:55 Fletching
37:24 Hand Cart
38:27 Horse Collar
38:19 Elite Skirmisher
39:30 Masonry
43:51 Elite Longbowman
47:43 Bodkin Arrow
48:04 Leather Archer Armor
50:07 Ring Archer Armor
小丁给你一电炮
0:49 Loom
16:43 Feudal Age
21:15 Town Watch
22:08 Wheelbarrow
21:15 Horse Collar
21:23 Double-Bit Axe
21:31 Gold Mining
21:34 Stone Mining
21:08 Man-at-Arms
24:38 Castle Age
22:29 Arson
23:21 Bloodlines
23:29 Forging
26:20 Bow Saw
26:18 Heavy Plow
27:04 Stone Shaft Mining
26:32 Husbandry
28:14 Hand Cart
29:22 Treadmill Crane
29:55 Fortified Wall
33:33 Imperial Age
31:39 Szlachta Privileges
32:38 Iron Casting
32:09 Scale Barding Armor
33:47 Cavalier
35:34 Blast Furnace
34:55 Chain Barding Armor
35:12 Crop Rotation
44:17 Squires
43:42 Pikeman
44:26 Scale Mail Armor
45:26 Conscription
46:41 Ballistics
47:22 Chemistry
46:28 Siege Engineers
伐木人
10:29 Feudal Age
13:16 Wheelbarrow
15:25 Castle Age
13:25 Double-Bit Axe
13:57 Loom
13:59 Horse Collar
28:11 Fortified Wall
27:42 Treadmill Crane
29:30 Heavy Plow
31:21 Bow Saw
34:45 Imperial Age
35:53 Gold Mining
35:53 Stone Mining
36:21 Pikeman
37:02 Squires
36:28 Capped Ram
37:21 Siege Ram
39:24 Two-Man Saw
40:50 Conscription
39:51 Elite Plumed Archer
42:16 Stone Shaft Mining
42:09 Hand Cart
42:34 Crop Rotation
42:58 Fletching
43:08 Padded Archer Armor
46:23 Ballistics
47:04 Chemistry
46:01 Bodkin Arrow
46:22 Leather Archer Armor
46:17 Heavy Scorpion
Hyper Tekken
13:19 Feudal Age
13:40 Horse Collar
14:46 Double-Bit Axe
20:17 Castle Age
20:11 Wheelbarrow
21:56 Heavy Plow
23:43 Bloodlines
24:04 Forging
23:59 Scale Barding Armor
24:17 Pikeman
25:00 Squires
27:47 Stone Mining
27:50 Gold Mining
30:36 Imperial Age
29:35 Iron Casting
31:27 Hand Cart
32:30 Elite Steppe Lancer
35:05 Ballistics
35:46 Chemistry
34:42 Murder Holes
36:13 Blast Furnace
35:33 Chain Barding Armor
35:43 Steppe Husbandry
36:06 Caravan
42:22 Plate Barding Armor
Llathandir
10:40 Feudal Age
11:17 Double-Bit Axe
20:10 Castle Age
20:00 Forging
19:56 Scale Barding Armor
22:32 Fletching
24:44 Husbandry
35:29 Imperial Age
35:05 Masonry
35:37 Cavalier
37:02 Iron Casting
40:14 Murder Holes
Arno l'architecte
4:45 Loom
12:50 Feudal Age
18:36 Castle Age
17:39 Double-Bit Axe
18:59 Horse Collar
19:12 Stone Mining
19:15 Gold Mining
22:05 Wheelbarrow
21:35 Heavy Plow
21:45 Bow Saw
22:11 Gold Shaft Mining
22:55 Padded Archer Armor
22:46 Fletching
34:04 Hand Cart
34:23 Leather Archer Armor
34:04 Bodkin Arrow
34:14 Scale Barding Armor
34:26 Fortified Wall
34:40 Ballistics
34:31 Fortified Wall
36:27 Nomads
39:30 Imperial Age
37:53 Chain Barding Armor
42:09 Conscription
41:10 Elite Mangudai
41:55 Bracer
42:05 Forging
41:56 Scale Mail Armor
43:01 Chemistry
41:57 Murder Holes
43:11 Pikeman
43:51 Squires
43:37 Arson
44:37 Iron Casting
46:37 Blast Furnace
45:53 Chain Mail Armor
[̲̅2̲̅D̲̅]
9:56 Feudal Age
10:22 Double-Bit Axe
10:16 Man-at-Arms
13:20 Horse Collar
16:19 Stone Mining
21:30 Castle Age
20:54 Wheelbarrow
20:05 Loom
20:26 Gold Mining
22:38 Bow Saw
23:08 Stone Shaft Mining
27:26 Hand Cart
28:40 Heavy Plow
30:07 Padded Archer Armor
29:57 Fletching
30:09 Scale Mail Armor
30:19 Forging
30:10 Fletching
33:17 Imperial Age
31:24 Squires
30:44 Long Swordsman
31:10 Arson
32:08 Forging
31:58 Scale Mail Armor
32:13 Leather Archer Armor
31:54 Bodkin Arrow
33:51 Capped Ram
35:52 Two-Man Saw
35:25 Crop Rotation
35:51 Conscription
37:16 Chemistry
36:42 Chain Mail Armor
37:22 Iron Casting
36:42 Bodkin Arrow
37:18 Ring Archer Armor
Dolfisgamer
1:42 Loom
12:57 Feudal Age
14:15 Wheelbarrow
13:28 Double-Bit Axe
13:33 Horse Collar
20:16 Gold Mining
20:17 Stone Mining
24:30 Bloodlines
28:57 Castle Age
37:07 Heavy Plow
37:20 Bow Saw
37:54 Stone Shaft Mining
37:55 Gold Shaft Mining
37:54 Kamandaran
39:03 Hand Cart
41:42 Imperial Age
40:10 Husbandry
41:49 Elite War Elephant
44:01 Conscription
45:15 Forging
45:10 Scale Barding Armor
44:58 Fletching
45:08 Padded Archer Armor
45:49 Crop Rotation
46:31 Two-Man Saw
45:07 Crossbowman
46:01 Thumb Ring
50:37 Iron Casting
50:22 Chain Barding Armor
49:57 Bodkin Arrow
50:17 Leather Archer Armor
Connection lost

Rejoining the realm…

Still unreachable

The connection could not be restored.

Session expired

The server has moved on; the page needs a fresh start.